AoeStats
← haha

Arena

508687654Analyzed
1v1 RM · 9d ago on Sep 23, 2026· 62m 53s· 2 players
Game mode
Random Map
Map size
Tiny (2 player)
Population
200
Speed
Normal
Resources
Standard
Victory
Conquest
Starting age
Dark Age
Ending age
Imperial Age
RankedLock teamsTeams togetherTeam positionsShared explorationLock speedFull tech treeHidden civsTurbo modeCheats
Victory
Defeat
🇷🇺 Bohemians · Russia
1145
+18
🇦🇷 Japanese · Argentina
1178
-18
Coniopolis
6:04 Loom
6:11 Loom
10:03 Feudal Age
11:26 Double-Bit Axe
11:33 Horse Collar
15:27 Castle Age
14:38 Stone Mining
16:19 Bow Saw
22:18 Scale Mail Armor
22:59 Gold Mining
25:25 Gold Shaft Mining
26:13 Heavy Plow
29:24 Forging
32:08 Chain Mail Armor
35:58 Iron Casting
39:51 Wheelbarrow
48:45 Imperial Age
48:31 Hand Cart
51:43 Siege Engineers
52:39 Chemistry
53:37 Conscription
54:21 Plate Mail Armor
55:00 Town Watch
56:04 Squires
56:39 Husbandry
56:50 Bloodlines
59:58 Gambesons
61:17 Scale Barding Armor
haha
10:45 Feudal Age
11:20 Horse Collar
11:26 Double-Bit Axe
13:17 Loom
17:30 Castle Age
18:23 Bow Saw
21:02 Fervor
21:37 Wheelbarrow
22:50 Fletching
27:05 Town Watch
29:54 Imperial Age
28:33 Masonry
29:59 Redemption
30:17 Bodkin Arrow
31:30 Chemistry
33:52 Murder Holes
45:43 Ballistics
48:18 Padded Archer Armor
50:41 Conscription
51:31 Heavy Plow
51:34 Bracer
51:58 Guilds
55:34 Architecture
54:57 Town Watch
55:15 Light Cavalry
60:46 Two-Man Saw
61:03 Forging
60:58 Scale Barding Armor
61:02 Siege Engineers
63:02 Hand Cart
Connection lost

Rejoining the realm…

Still unreachable

The connection could not be restored.

Session expired

The server has moved on; the page needs a fresh start.